 Dungeon Crawl Stone Soup version 0.28.0-53-g5a82cb258f (webtiles) character file.

Game seed: 10461279894062798364

185 MisterFreud the Covert (level 5, 0/70 HPs)
             Began as a Gnoll Delver on July 21, 2022.
             Succumbed to Sigmund's poison
             ... on level 3 of the Dungeon.
             The game lasted 00:04:12 (3038 turns).

MisterFreud the Covert (Gnoll Delver)               Turns: 3038, Time: 00:04:12

Health: 0/70       AC: 22    Str: 11    XL:     5   Next: 64%
Magic:  7/7        EV: -1    Int: 12    God:
Gold:   112        SH:  0    Dex: 19    Spells: 7/7 levels left

rFire   . . .      SeeInvis +   d - +2 dagger (speed)
rCold   . . .      Faith    .   (no shield)
rNeg    . . .      Spirit   .   (armour currently unavailable)
rPois   +          Reflect  .   (helmet currently unavailable)
rElec   .          Harm     .   (cloak currently unavailable)
rCorr   .          Rampage  .   (gloves currently unavailable)
Will    .....      NoTele   +   (boots currently unavailable)
Stlth   +++++.....              (no amulet)
HPRegen 0.21/turn               h - ring of see invisible
MPRegen 0.10/turn               n - +6 ring of dexterity

@: brilliant, lethally poisoned (0 -> -3), tree-form, constricted
A: stationary, stasis, torment immunity, boosted hp, (fangs 1), strong nose,
distributed training
a: no special abilities


You were on level 3 of the Dungeon.
You were a tree.
You visited 1 branch of the dungeon, and saw 6 of its levels.

You collected 112 gold pieces.

Inventory:

Hand Weapons
 a - a +0 short sword
 d - a +2 dagger of speed (weapon)
Missiles
 i - 2 atropa-tipped darts (quivered)
 u - 9 poisoned darts
Armour
 b - a +0 leather armour (melded)
 j - a +0 cloak (melded)
Jewellery
 h - a ring of see invisible (left branch)
 m - a ring of resist corrosion
 n - a +6 ring of dexterity (right branch)
Wands
 g - a wand of digging (3)
Scrolls
 c - a scroll of fog
 e - 3 scrolls of fear
 k - 3 scrolls of identify
 l - a scroll of summoning
 p - a scroll of immolation {unknown}
 r - a scroll of teleportation
 s - a scroll of amnesia {unknown}
Potions
 f - 3 potions of haste
 q - a potion of lignification


   Skills:
 + Level 6.7 Fighting
 + Level 4.8 Short Blades
 + Level 1.6 Long Blades
 + Level 1.6 Axes
 + Level 1.6 Maces & Flails
 + Level 1.6 Polearms
 + Level 1.6 Staves
 + Level 1.6 Slings
 + Level 1.6 Bows
 + Level 1.6 Crossbows
 + Level 1.6 Throwing
 + Level 1.6 Armour
 + Level 4.8 Dodging
 + Level 9.7 Stealth
 + Level 1.6 Shields
 + Level 1.6 Unarmed Combat
 + Level 1.6 Spellcasting
 + Level 1.2 Conjurations
 + Level 1.2 Hexes
 + Level 1.2 Summonings
 + Level 1.2 Necromancy
 + Level 1.2 Translocations
 + Level 1.2 Transmutations
 + Level 1.2 Fire Magic
 + Level 1.2 Ice Magic
 + Level 1.2 Air Magic
 + Level 1.2 Earth Magic
 + Level 1.2 Poison Magic
 + Level 1.8 Invocations
 + Level 1.6 Evocations


You had 7 spell levels left.
You didn't know any spells.
Your spell library contained the following spells:

 Spells                   Type           Power      Damage    Failure   Level
 Animate Skeleton         Necr           12%        N/A       17%         1
 Apportation              Tloc           12%        N/A       17%         1
 Magic Dart               Conj           24%        1d4       17%         1
 Summon Small Mammal      Summ           24%        N/A       17%         1
 Searing Ray              Conj           12%        2d4       26%         2
 Fulminant Prism          Conj/Hex       3%         3d6       86%         4


Dungeon Overview and Level Annotations

Branches:
Dungeon (6/15)
 Temple: D:4-7

Altars:
Ashenzari


Innate Abilities, Weirdness & Mutations

You are a tree.
Your roots penetrate the ground, keeping you stationary.
You cannot be teleported.
You are immune to unholy pain and torment.
Your maximum health is greatly increased.
Your equipment is partially melded.
((You have very sharp teeth.))
Your uncanny sense of smell can sniff out nearby items.
Your experience applies equally to all skills.


Message History

The ball python bites you but does no damage.
The ball python constricts you.
You hit Sigmund.
Sigmund is almost dead.
* * * LOW HITPOINT WARNING * * *
You feel sick.
The ball python bites you but does no damage.
The ball python constricts you.
It was a potion of brilliance.
You feel clever all of a sudden.
* * * LOW HITPOINT WARNING * * *
You feel sick. Sigmund hits you but does no damage.
The ball python bites you but does no damage.
The ball python constricts you.
You closely miss Sigmund.
Sigmund is almost dead.
* * * LOW HITPOINT WARNING * * *
You feel sick.
You completely miss Sigmund.
Sigmund is almost dead.
* * * LOW HITPOINT WARNING * * *
You feel sick. The ball python bites you.
* * * LOW HITPOINT WARNING * * *
The ball python constricts you. Sigmund hits you but does no damage.
Unknown command.
You hit Sigmund.
Sigmund is almost dead.
The ball python bites you but does no damage.
The ball python constricts you.
You hit Sigmund but do no damage.
Sigmund is almost dead.
* * * LOW HITPOINT WARNING * * *
You feel sick.
You hit Sigmund but do no damage.
Sigmund is almost dead.
The ball python bites you but does no damage.
The ball python constricts you. Sigmund hits you but does no damage.
You hit Sigmund.
You kill Sigmund!
You die...

##......# ##...## #.##.###.#
##.#.#### ##.## #.##.# #.# #....#
#.# #.##.# #.# #....# #.# #.##.#
#.# .....# ##'## #.##.# #.#
##.#.# ##...## #.##.###.#
##.#.#### ##.....## #........##
........####....>).## ###..######
##.#.....##.....♣S..####...######
#........'.........'............
###.....#.#########.###...#.####
##...##.....#.@§§.# ##.##.#
##.#######.#.##### ####.# #.#
#...#...# #.# #.# #.#####.# #.#
#.# #.......# #.# #.# #.#####.#
#.#


You could see a ball python.

Vanquished Creatures
  Sigmund (D:3)
  A necrophage (D:3)
  A gnoll (D:2)
  2 adders (D:2)
  An adder skeleton (D:4)
  A worm (D:5)
  3 dart slugs
  2 orcs (D:3)
  8 ball pythons
  5 endoplasms
  2 giant cockroaches (D:4)
  5 goblins
  4 hobgoblins
  2 quokkas (D:1)
  2 bats
  6 frilled lizards
  5 kobolds
  4 rats
55 creatures vanquished.

Notes
Turn   | Place    | Note
-------+----------+-------------------------------------------
     0 | D:5      | Reached skill level 9 in Stealth
     0 | D:5      | MisterFreud the Gnoll Delver began the quest for the Orb.
     0 | D:5      | Reached XP level 1. HP: 23/23 MP: 1/1
   181 | D:4      | Reached XP level 2. HP: 29/29 MP: 2/2
   346 | D:3      | Noticed Sigmund
   530 | D:3      | HP: 1/29 [poisoned by Sigmund]
   964 | D:1      | Reached XP level 3. HP: 35/35 MP: 3/3
  1179 | D:1      | Reached skill level 1 in Invocations
  1724 | D:2      | Reached skill level 1 in Long Blades
  1724 | D:2      | Reached skill level 1 in Axes
  1724 | D:2      | Reached skill level 1 in Maces & Flails
  1724 | D:2      | Reached skill level 1 in Polearms
  1724 | D:2      | Reached skill level 1 in Staves
  1724 | D:2      | Reached skill level 1 in Slings
  1724 | D:2      | Reached skill level 1 in Bows
  1724 | D:2      | Reached skill level 1 in Crossbows
  1724 | D:2      | Reached skill level 1 in Throwing
  1724 | D:2      | Reached skill level 1 in Armour
  1724 | D:2      | Reached skill level 1 in Shields
  1724 | D:2      | Reached skill level 1 in Unarmed Combat
  1724 | D:2      | Reached skill level 1 in Spellcasting
  1724 | D:2      | Reached skill level 1 in Evocations
  1979 | D:2      | Reached XP level 4. HP: 31/41 MP: 5/5
  2298 | D:2      | Reached skill level 1 in Conjurations
  2298 | D:2      | Reached skill level 1 in Hexes
  2298 | D:2      | Reached skill level 1 in Summonings
  2298 | D:2      | Reached skill level 1 in Necromancy
  2298 | D:2      | Reached skill level 1 in Translocations
  2298 | D:2      | Reached skill level 1 in Transmutations
  2298 | D:2      | Reached skill level 1 in Fire Magic
  2298 | D:2      | Reached skill level 1 in Ice Magic
  2298 | D:2      | Reached skill level 1 in Air Magic
  2298 | D:2      | Reached skill level 1 in Earth Magic
  2298 | D:2      | Reached skill level 1 in Poison Magic
  2481 | D:3      | Noticed a necrophage
  2505 | D:3      | Killed a necrophage
  2506 | D:3      | Reached XP level 5. HP: 43/47 MP: 5/7
  2919 | D:3      | Found a broken altar of Ashenzari.
  3024 | D:3      | HP: 3/70 [poisoned by Sigmund]
  3034 | D:3      | HP: 2/70 [ball python (2)]
  3038 | D:3      | Killed Sigmund
  3038 | D:3      | Succumbed to Sigmund's poison

Illustrated notes

Levels and vault maps discovered:
D:1:      mainiacjoe_arrival_reflecting_pool, layout_loops_ring
D:2:      layout_loops_ring, minmay_misc_feat_alley, minmay_misc_feat_pillars,
          hangedman_decor_growths, st_stairs_12, kennysheep_nondescript
D:3:      layout_loops_corners, lemuel_crystal_altar, minmay_misc_feat_ornament,
          minmay_rat_hole, uniq_sigmund, uniq_robin
D:4:      gammafunk_steamed_eel, layout_loops_cross, nemelex_spade_bored_becter
D:5:      layout_layer_cave, okawaru_altar_gauntlet_db,
          minmay_temple_entry_statues_pillars, gammafunk_ghost_necromancy
D:6:      layout_rooms, nicolae_wu_jian_glorious_leap

Skill      XL: |  1  2  3  4 |
---------------+-------------+-----
Stealth        | |  9.7
Invocations    | 1 |  1.8
Long Blades    | 1 |  1.6
Axes           | 1 |  1.6
Maces & Flails | 1 |  1.6
Polearms       | 1 |  1.6
Staves         | 1 |  1.6
Slings         | 1 |  1.6
Bows           | 1 |  1.6
Crossbows      | 1 |  1.6
Throwing       | 1 |  1.6
Armour         | 1 |  1.6
Shields        | 1 |  1.6
Unarmed Combat | 1 |  1.6
Spellcasting   | 1 |  1.6
Evocations     | 1 |  1.6
Conjurations   | 1 |  1.2
Hexes          | 1 |  1.2
Summonings     | 1 |  1.2
Necromancy     | 1 |  1.2
Translocations | 1 |  1.2
Transmutations | 1 |  1.2
Fire Magic     | 1 |  1.2
Ice Magic      | 1 |  1.2
Air Magic      | 1 |  1.2
Earth Magic    | 1 |  1.2
Poison Magic   | 1 |  1.2
Fighting       | |  6.7
Short Blades   | |  4.8
Dodging        | |  4.8

Action                   |  1- 3 |  4- 6 || total
-------------------------+-------+-------++-------
Melee: Short sword       |    47 |       ||    47
       Bite              |    10 |     9 ||    19
       Punch             |     2 |       ||     2
       Dagger            |    53 |    80 ||   133
  Use: Scroll            |     3 |       ||     3
       Potion            |     2 |     3 ||     5
 Stab: Sleeping          |    19 |     6 ||    25
Armor: Leather armour    |     6 |     7 ||    13
       Skin              |       |    14 ||    14
Dodge: Dodged            |    30 |    26 ||    56
